 Dungeon Crawl Stone Soup version 0.22.1-2-g9c5b331383 (webtiles) character file.

909 Peloso the Slasher (level 7, -4/61 HPs)
             Began as a Minotaur Fighter on Dec 19, 2018.
             Was a Believer of Okawaru.
             Killed by divine providence
             ... invoked by an orc priest
              (16 damage)
             ... on level 6 of the Dungeon.
             The game lasted 00:08:44 (4387 turns).

Peloso the Slasher (Minotaur Fighter)               Turns: 4387, Time: 00:08:44

Health: -4/61      AC: 12    Str: 21    XL:     7   Next: 81%
Magic:  6/6        EV:  4    Int:  5    God:    Okawaru [**....]
Gold:   237        SH: 10    Dex: 11    Spells: 6/6 levels left

rFire    x . .     SeeInvis .   a - +1 long sword
rCold    + . .     Gourm    .   c - +0 shield
rNeg     . . .     Faith    .   k - +0 plate armour
rPois    .         Spirit   .   (helmet restricted)
rElec    .         Reflect  .   (no cloak)
rCorr    .         Harm     .   (no gloves)
MR       .....                  (no boots)
Stlth    ..........             (no amulet)
HPRegen  0.20/turn              m - ring of ice
MPRegen  0.10/turn              (no ring)

@: about to teleport, drained
A: retaliatory headbutt, horns 2
a: Heroism, Renounce Religion


You were on level 6 of the Dungeon.
You worshipped Okawaru.
Okawaru was pleased with you.
You were hungry.

You visited 1 branch of the dungeon, and saw 6 of its levels.

You collected 237 gold pieces.

Inventory:

Hand Weapons
 a - a +1 long sword (weapon)
Armour
 b - a +0 scale mail
 c - a +0 shield (worn)
 k - a +0 plate armour (worn)
Jewellery
 m - a ring of ice (left hand)
Wands
 v - a wand of clouds (6)
Scrolls
 q - a scroll of noise
 t - a scroll of remove curse
 y - a scroll of amnesia {unknown}
Potions
 d - 4 potions of might
 h - 3 potions of brilliance
 i - 2 potions of curing
 j - a potion of haste
 p - a potion of cancellation
 w - a potion of flight
 x - a potion of agility
Comestibles
 f - 10 rations


   Skills:
 + Level 5.6(5.0) Fighting
 + Level 7.3(6.7) Long Blades
 + Level 5.9(5.3) Armour
 + Level 1.0(0.5) Dodging
 + Level 0.1(0.0) Stealth
 + Level 5.9(5.3) Shields


You had 6 spell levels left.
You didn't know any spells.
Your spell library contained the following spells:

 Spells                   Type           Power        Failure   Level  Hunger
 Magic Dart               Conj           #...         100%        1    ##.....
 Blink                    Tloc           N/A          100%        2    ###....
 Call Imp                 Summ           #.......     100%        2    ###....
 Slow                     Hex            #.......     100%        2    ###....
 Conjure Flame            Conj/Fire      #.......     100%        3    ####...
 Mephitic Cloud           Conj/Pois/Air  #.......     100%        3    ####...


Dungeon Overview and Level Annotations

Branches:
Dungeon (6/15)             Temple (0/1) D:4

Altars:
Fedhas
Hepliaklqana
Kikubaaqudgha
Makhleb
Nemelex Xobeh
Okawaru
Qazlal
Uskayaw

Shops:
D:5 =


Innate Abilities, Weirdness & Mutations

You reflexively headbutt those who attack you in melee.
You have a pair of horns on your head.


Message History

You feel strangely unstable.
The orc wizard hits you but does no damage.
The orc priest hits you but does no damage.
The orc wizard hits you but does no damage.
A wight comes into view.
It is wielding an enchanted short sword.
The orc wizard hits you but does no damage.
The orc wizard points at you and mumbles some strange words.
The magic dart hits you!
A wight comes into view. It is wielding a scimitar.
You hit the orc priest.
The orc priest is lightly wounded.
The orc wizard hits you but does no damage.
The orc wizard points at you and mumbles some strange words.
The puff of frost misses you.
The orc priest mumbles some strange prayers to Beogh against you.
Beogh smites you!
* * * LOW HITPOINT WARNING * * *
The orc priest invokes the aid of Beogh against you.
Beogh smites you!
You die...

##.#.# #....# #.#.#
#....# #.#.# #....###
#.#.####......#
#.#.##........##########
#.#.##...##...#.........
##.#.##...##...#hz....z..
..)...'...++...ooooz...z.
...#.##...##...#@ooo.....
####.##...##...#####..###
.[<#.#######...# +#
####.# ##.... #.o..#
#...... #.#### #......[.
#.# #........ z.#
#........ ### #........


You could see a hound, 4 wights, 2 orc priests, 3 orc wizards and 2 orcs.

Vanquished Creatures
  A black bear (D:6)
  An ogre (D:5)
  An orc warrior (D:5)
  Blork the orc (D:4)
  4 wights
  A vampire bat (D:2)
  An orc priest (D:6)
  2 orc wizards
  An iguana (D:6)
  A worker ant (D:4)
  2 hound zombies
  4 gnolls
  4 adders
  An ooze (D:2)
  An adder zombie (D:6)
  4 worms
  3 dart slugs
  3 leopard geckos
  17 orcs
  A ball python (D:2)
  4 bat skeletons (D:2)
  2 bat zombies (D:2)
  3 giant cockroaches
  3 goblins
  5 hobgoblins
  12 jackals
  11 kobolds
  5 bats
  3 frilled lizards
  A jackal skeleton (D:3)
  A quokka zombie (D:6)
  8 rats
112 creatures vanquished.

Vanquished Creatures (others)
  2 fungi (D:3)
  4 toadstools (D:1)
6 creatures vanquished.

Grand Total: 118 creatures vanquished

Notes
Turn   | Place    | Note
-------+----------+-------------------------------------------
     0 | D:1      | Peloso the Minotaur Fighter began the quest for the Orb.
     0 | D:1      | Reached XP level 1. HP: 19/19 MP: 0/0
   124 | D:1      | Reached XP level 2. HP: 25/27 MP: 1/1
   520 | D:2      | Found an ancient bone altar of Kikubaaqudgha.
   521 | D:2      | Noticed a vampire bat
   529 | D:2      | Killed a vampire bat
   529 | D:2      | Reached skill level 3 in Long Blades
   529 | D:2      | Reached XP level 3. HP: 31/33 MP: 2/2
   570 | D:2      | Found a blossoming altar of Fedhas.
   598 | D:2      | Reached XP level 4. HP: 39/40 MP: 3/3
   600 | D:2      | Found a sparkling altar of Nemelex Xobeh.
   667 | D:2      | Found an iron altar of Okawaru.
   682 | D:2      | Became a worshipper of Warmaster Okawaru
   687 | D:2      | Found a transporter.
   687 | D:2      | Found a hazy altar of Hepliaklqana.
   694 | D:2      | Found a transporter.
   733 | D:2      | Reached skill level 1 in Dodging
  1392 | D:3      | Reached skill level 4 in Long Blades
  1392 | D:3      | Reached XP level 5. HP: 38/47 MP: 4/4
  1498 | D:3      | Found a blossoming altar of Fedhas.
  2229 | D:4      | Found a staircase to the Ecumenical Temple.
  2261 | D:4      | Reached skill level 5 in Long Blades
  2467 | D:4      | Found a burning altar of Makhleb.
  2620 | D:4      | Found a stormy altar of Qazlal.
  2756 | D:4      | Noticed Blork the orc
  2764 | D:4      | Killed Blork the orc
  2764 | D:4      | Reached skill level 5 in Shields
  2764 | D:4      | Reached XP level 6. HP: 53/53 MP: 5/5
  2891 | D:5      | Entered Level 5 of the Dungeon
  2939 | D:5      | Reached skill level 6 in Long Blades
  2958 | D:5      | Found Ketu's Jewellery Emporium.
  3133 | D:5      | Reached skill level 5 in Armour
  3691 | D:6      | Found a hide-covered altar of Uskayaw.
  3764 | D:6      | Noticed an orc warrior
  3866 | D:5      | Reached * piety under Okawaru
  3866 | D:5      | Reached XP level 7. HP: 17/60 MP: 6/6
  4219 | D:6      | Reached skill level 7 in Long Blades
  4315 | D:6      | Reached skill level 5 in Fighting
  4378 | D:6      | Reached ** piety under Okawaru
  4387 | D:6      | Killed from afar by an orc priest

Skill      XL: |  1  2  3  4  5  6  7 |
---------------+----------------------+-----
Shields        | 4 5 |  5.9
Armour         | 4 5 |  5.9
Fighting       | 4 5 |  5.6
Long Blades    | 3 4 5 6 7 |  7.3
Dodging        | 1 |  1.0
Stealth        | |  0.1

Action                   |  1- 3 |  4- 6 |  7- 9 || total
-------------------------+-------+-------+-------++-------
Melee: Long sword        |    43 |   210 |    42 ||   295
       Headbutt          |     6 |    42 |    11 ||    59
  Use: Scroll            |       |       |    17 ||    17
       Potion            |       |       |     1 ||     1
  Eat: Chunk             |       |     6 |     1 ||     7
       Ration            |       |     1 |       ||     1
Armor: Scale mail        |    15 |       |       ||    15
       Plate armour      |    14 |   116 |    28 ||   158
Dodge: Dodged            |    17 |    26 |     4 ||    47
Block: Shield            |    39 |   109 |    23 ||   171
       Rpst.: Long sword |     8 |     5 |     1 ||    14
